 Dungeon Sprint DCSS version 0.27-a0-1332-g84bddb5ca7 (webtiles) character file.

Game seed: 515504891527533746

7224 arson the Tortoise (level 10, -3/104 HPs)
             Began as a Minotaur Fighter on June 26, 2021.
             Was a Follower of Uskayaw.
             Slain by a catoblepas (12 damage)
             ... while petrified by a catoblepas
             ... in the Dungeon (Sprint IX: "|||||||||||||||||||||||||||||").
             The game lasted 00:05:40 (1171 turns).

arson the Tortoise (Minotaur Fighter)               Turns: 1171, Time: 00:05:41

Health: -3/104     AC: 16    Str: 22    XL:     10   Next: 88%
Magic:  9/9        EV:  2    Int:  5    God:    Uskayaw [*.....]
Gold:   0          SH:  0    Dex: 12    Spells: 9/9 levels left

rFire    . . .     SeeInvis .   n - +2 scimitar (elec)
rCold    . . .     Faith    .   c - +0 kite shield
rNeg     + + +     Spirit   .   o - +1 chain mail
rPois    ∞         Reflect  .   (helmet restricted)
rElec    .         Harm     .   (no cloak)
rCorr    .         Rampage  .   r - +0 pair of gloves
Will     .....     NoTele   +   (no boots)
Stlth    ..........             (no amulet)
HPRegen  0.27/turn              (no ring)
MPRegen  0.11/turn              (no ring)

@: petrified
A: horns 2, retaliatory headbutt
a: Renounce Religion, Stomp


You were in the Dungeon.
You worshipped Uskayaw.
Uskayaw was noncommittal.
You visited 1 branch

Inventory:

Hand Weapons
 a - a +0 long sword
 n - a +2 scimitar of electrocution (weapon)
Armour
 b - a +0 scale mail
 c - a +0 kite shield (worn)
 o - a +1 chain mail (worn)
 r - a +0 pair of gloves (worn)
Jewellery
 p - a +3 ring of dexterity
 q - a +2 ring of evasion
Wands
 m - a wand of iceblast (10)
Scrolls
 j - 3 scrolls of blinking
 l - 2 scrolls of amnesia
 t - 2 scrolls of identify
 u - 2 scrolls of enchant armour
 v - 2 scrolls of enchant weapon
 w - a scroll of fear
Potions
 d - 2 potions of brilliance
 e - 4 potions of curing
 f - 6 potions of heal wounds
 g - a potion of haste
 h - 4 potions of magic
 k - a potion of invisibility
 s - a potion of resistance


   Skills:
 - Level 14.3 Fighting
 - Level 14.0 Long Blades
 - Level 16.0 Armour
 + Level 9.1 Dodging
 - Level 15.0 Shields


You had 9 spell levels left.
You didn't know any spells.
Your spell library was empty.

Dungeon Overview and Level Annotations

Branches:
Dungeon (1/1)

Altars:
Cheibriados
Dithmenos
Elyvilon
Fedhas
Gozag
Hepliaklqana
Kikubaaqudgha
Makhleb
Nemelex Xobeh
Okawaru
Qazlal
Ru
Sif Muna
Trog
Uskayaw
Vehumet
Wu Jian
Xom
Yredelemnul
Zin
The Shining One
Beogh
Jiyva
Lugonu


Innate Abilities, Weirdness & Mutations

You have a pair of horns on your head.
You reflexively headbutt those who attack you in melee.


Message History

The blast of calcifying dust hits you but does no damage.
You are engulfed in calcifying dust.
The catoblepas gores you but does no damage.
You are engulfed in calcifying dust.
The catoblepas gores you!
* * * LOW HITPOINT WARNING * * *
You turn to flesh and can move again.
Unknown command.
You feel much better.
You are engulfed in calcifying dust.
You are slowing down.
The catoblepas breathes a plume of calcifying dust at you.
The blast of calcifying dust hits you but does no damage.
You can no longer pass through a line of other dancers.
Okay, then.
Unknown command.
Unknown command.
Your limbs are stiffening.
You hit the catoblepas.
You headbutt the catoblepas, but do no damage.
The catoblepas is moderately wounded.
The catoblepas gores you!!
* * * LOW HITPOINT WARNING * * *
You have turned to stone.
The catoblepas gores you!
* * * LOW HITPOINT WARNING * * *
The catoblepas breathes a plume of calcifying dust at you.
The blast of calcifying dust hits you but does no damage.
You are engulfed in calcifying dust.
The catoblepas breathes a plume of calcifying dust at you.
The blast of calcifying dust hits you.
* * * LOW HITPOINT WARNING * * *
You are engulfed in calcifying dust.
The catoblepas breathes a plume of calcifying dust at you.
The blast of calcifying dust hits you!
* * * LOW HITPOINT WARNING * * *
You are engulfed in calcifying dust.
The yak snorts and paws the ground.
The catoblepas gores you!
* * * LOW HITPOINT WARNING * * *
The catoblepas gores you!!
You die...

▓.▓.▓.▓
▓[▓.▓.▓
▓.▓.▓.▓
▓)▓.▓.▓
▓.▓.▓Y▓
▓.▓.▓Y▓
▓'▓.▓Y▓
▓_▓.▓Y▓
▓_▓.▓@▓
▓_▓.▓§▓
▓_▓.▓.▓
▓_▓.▓.▓
▓_▓.▓§▓
▓_▓.▓.▓
▓_▓.▓.▓
▓_▓.▓†▓
▓_▓.▓†▓


You could see a catoblepas and 3 yaks.

Vanquished Creatures
  A boulder beetle (D)
  A centaur warrior (D)
  2 death yaks (D)
  A deep elf pyromancer (D)
  A black mamba (D)
  2 cane toads (D)
  3 komodo dragons (D)
  2 trolls (D)
  2 blink frogs (D)
  A wraith (D)
  4 yaks (D)
  A basilisk (D)
  2 vampire mosquitoes (D)
  A water moccasin (D)
  An ogre (D)
  A wolf (D)
  A centaur (D)
  6 bullfrogs (D)
  A wight (D)
  A jelly (D)
  An orc wizard (D)
  A gnoll (D)
  An adder skeleton (D)
  A dart slug (D)
  A goblin (D)
  A quokka (D)
  A bat (D)
  A frilled lizard (D)
  A rat (D)
44 creatures vanquished.

Notes
Turn   | Place    | Note
-------+----------+-------------------------------------------
     0 | D        | arson the Minotaur Fighter began the quest for the Orb.
     0 | D        | Reached XP level 1. HP: 19/19 MP: 0/0
    22 | D        | Noticed a jelly
    22 | D        | Noticed an ogre
    29 | D        | Killed an ogre
    30 | D        | Reached XP level 2. HP: 20/31 MP: 1/1
    30 | D        | Reached XP level 3. HP: 24/38 MP: 2/2
    30 | D        | Reached XP level 4. HP: 29/45 MP: 3/3
   233 | D        | Found a snail-covered altar of Cheibriados.
   233 | D        | Found a shadowy altar of Dithmenos.
   233 | D        | Found a white marble altar of Elyvilon.
   233 | D        | Found a blossoming altar of Fedhas.
   233 | D        | Found an opulent altar of Gozag.
   234 | D        | Found a hazy altar of Hepliaklqana.
   235 | D        | Found a viscous altar of Jiyva.
   236 | D        | Found an ancient bone altar of Kikubaaqudgha.
   237 | D        | Found a corrupted altar of Lugonu.
   238 | D        | Found a burning altar of Makhleb.
   239 | D        | Found a sparkling altar of Nemelex Xobeh.
   240 | D        | Found an iron altar of Okawaru.
   241 | D        | Found a stormy altar of Qazlal.
   242 | D        | Found a sacrificial altar of Ru.
   243 | D        | Found a shimmering blue altar of Sif Muna.
   244 | D        | Found a bloodstained altar of Trog.
   245 | D        | Found a hide-covered altar of Uskayaw.
   246 | D        | Found a radiant altar of Vehumet.
   247 | D        | Found an ornate altar of the Wu Jian Council.
   248 | D        | Found a shimmering altar of Xom.
   249 | D        | Found a basalt altar of Yredelemnul.
   250 | D        | Found a glowing silver altar of Zin.
   251 | D        | Found a glowing golden altar of the Shining One.
   253 | D        | Became a worshipper of Uskayaw the Reveller
   302 | D        | Noticed a vampire mosquito
   302 | D        | Noticed a yak
   302 | D        | Noticed a troll
   302 | D        | Noticed a centaur
   304 | D        | Reached * piety under Uskayaw
   305 | D        | Reached skill level 10 in Long Blades
   305 | D        | Reached XP level 5. HP: 48/57 MP: 4/4
   305 | D        | Killed a centaur
   305 | D        | Reached ** piety under Uskayaw
   306 | D        | Reached skill level 10 in Fighting
   307 | D        | Killed a troll
   307 | D        | Reached *** piety under Uskayaw
   308 | D        | Reached XP level 6. HP: 47/71 MP: 5/5
   309 | D        | Killed a yak
   309 | D        | Reached **** piety under Uskayaw
   310 | D        | Reached XP level 7. HP: 53/79 MP: 6/6
   310 | D        | Reached ***** piety under Uskayaw
   314 | D        | Killed a vampire mosquito
   512 | D        | Noticed a vampire mosquito
   512 | D        | Noticed a troll
   512 | D        | Noticed a wraith
   512 | D        | Noticed a centaur warrior
   512 | D        | Noticed a boulder beetle
   512 | D        | Noticed a deep elf pyromancer
   522 | D        | Killed a boulder beetle
   523 | D        | Reached skill level 7 in Armour
   523 | D        | Reached XP level 8. HP: 66/90 MP: 7/7
   525 | D        | Killed a deep elf pyromancer
   526 | D        | Reached skill level 9 in Armour
   528 | D        | Killed a centaur warrior
   529 | D        | Reached skill level 11 in Armour
   529 | D        | Reached XP level 9. HP: 55/96 MP: 8/8
   531 | D        | Killed a troll
   531 | D        | Reached ****** piety under Uskayaw
   532 | D        | Reached skill level 12 in Armour
   859 | D        | Noticed a komodo dragon
   859 | D        | Noticed a black mamba
   860 | D        | Noticed a cane toad
   867 | D        | Killed a black mamba
   868 | D        | Reached skill level 13 in Armour
   878 | D        | Killed a komodo dragon
   879 | D        | Reached XP level 10. HP: 83/104 MP: 9/9
   879 | D        | Killed a cane toad
   880 | D        | Reached skill level 14 in Armour
   969 | D        | Noticed a cane toad
   986 | D        | Reached skill level 15 in Armour
   986 | D        | Reached skill level 15 in Shields
   993 | D        | Killed a cane toad
  1005 | D        | Reached skill level 16 in Armour
  1110 | D        | Noticed a catoblepas
  1110 | D        | Noticed a death yak
  1110 | D        | Noticed a death yak
  1120 | D        | Killed a death yak
  1142 | D        | Killed a death yak
  1171 | D        | Slain by a catoblepas

Illustrated notes

Levels and vault maps discovered:
D:        linesprint [early_d, line_temple, items_1, d_10, items_2, lair_1,
          lair_end, items_3, orc_1, orc_end, items_4, d_15, swamp_1, shoals_1,
          snake_1, spider_1, d_20, vaults_1, items_5, swamp_end, shoals_end,
          snake_end, spider_end, vaults_end, d_27, items_6, zot_1, zot_end,
          crypt_end, forest_end, elf_end, slime_end, tomb_end, abyss_end,
          pan_hell_end]

Skill      XL: |  1  2  3  4  5  6  7  8  9 10 |
---------------+-------------------------------+-----
Long Blades    | 8 10 12 14 | 14.0
Fighting       | 6 9 12 13 14 | 14.3
Armour         | 7 11 13 16 | 16.0
Shields        | 7 11 13 15 | 15.0
Dodging        | 9 |  9.1

Action                   |  1- 3 |  4- 6 |  7- 9 | 10-12 || total
-------------------------+-------+-------+-------+-------++-------
Melee: Long sword        |    19 |     8 |       |       ||    27
       Headbutt          |     2 |     2 |     8 |    17 ||    29
       Scimitar          |       |     6 |    38 |    60 ||   104
Invok: Line Pass         |       |       |       |     1 ||     1
  Use: Potion            |       |     1 |     2 |     2 ||     5
 Stab: Paralysed         |       |     1 |     3 |     3 ||     7
       Petrified         |       |       |       |     3 ||     3
Armor: Scale mail        |     4 |     1 |       |       ||     5
       Chain mail        |       |     1 |     9 |    22 ||    32
Dodge: Dodged            |     3 |     1 |     2 |     6 ||    12
Block: Kite shield       |    11 |     4 |     9 |    21 ||    45

Table legend: (Time is in decaauts)
 A = Elapsed time spent in this place.
 B = Non-inter-level travel time spent in this place.
 C = Inter-level travel time spent in this place.
 D = Time resting spent in this place.
 E = Time spent auto-exploring this place.
 F = Levels seen in this place.
 G = Mean time per level.
                   A        B        C        D        E       F      G
               +--------+--------+--------+--------+--------+-----+--------+
         Total |   1173 |   1173 |      0 |    701 |    163 |   1 | 1173.0 |
       Dungeon |   1173 |   1173 |      0 |    701 |    163 |   1 | 1173.0 |
               +--------+--------+--------+--------+--------+-----+--------+

Top non-repeatable levels by time:
       D: 1173 daAuts
